SAAA
VERMONT LAKE MONSTERS @ ALASKAN HUMPBACKS
05/02/2041
 
TOP OF THE 1ST
Vermont Lake Monsters batting - Pitching for Alaskan Humpbacks : RHP Ignacio Manzanedo
Pitching: RHP Ignacio Manzanedo
Batting: RHB Tim O'Brian 0-0: Ball
1-0: Foul Ball, location: 2F
1-1: Ball
2-1: Foul Ball, location: 2F
2-2: Foul Ball, location: 2F
2-2: Strikes out looking
Batting: RHB Frank Tatum 0-0: Called Strike
0-1: SINGLE (Line Drive, 34, EV 96.9 MPH)
Batting: SHB Senthamilselvi Manohoran 0-0: Swinging Strike
0-1: Ball
1-1: Ball
2-1: Called Strike
2-2: SINGLE (Flyball, 78M, EV 88.1 MPH)
Frank Tatum to second
Batting: LHB Fernando Sandoval 0-0: Called Strike
0-1: Called Strike
0-2: Ball
1-2: DOUBLE (Flyball, 78XD, EV 114.4 MPH)
Frank Tatum scores
Senthamilselvi Manohoran to third
Runner from 3rd tries for Home, SAFE, no throw by LF
Batting: RHB Dusty Crum 0-0: Ball
1-0: Ball
2-0: Ball
3-0: Called Strike
3-1: Base on Balls
Batting: RHB Dragoljub Kandic 0-0: Grounds into double play, 5-4-3 (Groundball, 5S, EV 80.6 MPH)
Top of the 1st over - 2 runs, 3 hits, 0 errors, 1 left on base; Vermont 2 - Alaskan 0
BOTTOM OF THE 1ST
Alaskan Humpbacks batting - Pitching for Vermont Lake Monsters : RHP David Schrattenthaler
Pitching: RHP David Schrattenthaler
Batting: LHB Teng Xuefeng 0-0: Called Strike
0-1: SINGLE (Line Drive, 34, EV 99.4 MPH)
Batting: RHB Wally Briggs 0-0: Ball
Teng Xuefeng steals 2nd base
1-0: Foul Ball, location: 2F
1-1: Ball
2-1: Ground out 1-3 (Groundball, 34S, EV 86.9 MPH)
Teng Xuefeng to third
Batting: RHB Bobby Butterfield 0-0: Ball
1-0: Fly out, F8 (Flyball, 78M, EV 90.6 MPH)
Runner from 3rd tags up, SCORES, no throw by CF
Batting: RHB Marcos Luna 0-0: Ball
1-0: Called Strike
1-1: Ball
2-1: Foul Ball, location: 2F
2-2: Ball
3-2: Fly out, F8 (Line Drive, 8RD, EV 95.6 MPH)
Bottom of the 1st over - 1 run, 1 hit, 0 errors, 0 left on base; Vermont 2 - Alaskan 1
TOP OF THE 2ND
Vermont Lake Monsters batting - Pitching for Alaskan Humpbacks : RHP Ignacio Manzanedo
Batting: RHB John Fuller 0-0: Ball
1-0: Ball
2-0: SINGLE (Line Drive, 34D, EV 99.4 MPH)
Batting: RHB Meshach Ashpenaz 0-0: Ball
1-0: Fly out, F6 (Popup, 6MD, EV 63.8 MPH)
Batting: RHB Wally Hill 0-0: Ball
1-0: Ball
2-0: Called Strike
2-1: Foul Ball, location: 2F
2-2: Foul Ball, location: 2F
2-2: Fielders Choice at 2nd, 6-4 (Groundball, 56D, EV 86.9 MPH)
Batting: RHB Tim O'Brian 0-0: Called Strike
0-1: Ball
1-1: Ball
Wally Hill steals 2nd base (no throw)
2-1: Ball
3-1: Called Strike
3-2: SINGLE (Groundball, 56D, EV 103.8 MPH)
Wally Hill to third
Wally Hill scores
Batting: RHB Frank Tatum 0-0: Ball
1-0: Ball
Pickoff Throw by Catcher to First - Error! E2
Tim O'Brian to second
2-0: Foul Ball, location: 2F
2-1: Foul Ball, location: 2F
2-2: Strikes out looking
Top of the 2nd over - 1 run, 2 hits, 1 error, 1 left on base; Vermont 3 - Alaskan 1
BOTTOM OF THE 2ND
Alaskan Humpbacks batting - Pitching for Vermont Lake Monsters : RHP David Schrattenthaler
Batting: RHB António Etxebarria 0-0: Ball
1-0: Ball
2-0: Fly out, F8 (Flyball, 8RM, EV 77.5 MPH)
Batting: RHB Justin Forbes 0-0: Called Strike
0-1: Called Strike
0-2: Strikes out swinging
Batting: RHB Abel Risinger 0-0: Called Strike
0-1: Ball
1-1: Called Strike
1-2: Strikes out looking
Bottom of the 2nd over - 0 runs, 0 hits, 0 errors, 0 left on base; Vermont 3 - Alaskan 1
TOP OF THE 3RD
Vermont Lake Monsters batting - Pitching for Alaskan Humpbacks : RHP Ignacio Manzanedo
Batting: SHB Senthamilselvi Manohoran 0-0: SINGLE (Groundball, 4D, EV 105.6 MPH)
Batting: LHB Fernando Sandoval 0-0: Ball
1-0: Foul Ball, location: 2F
1-1: SINGLE (Groundball, 34D, EV 106.9 MPH)
Senthamilselvi Manohoran to second
Runner from 2nd tries for 3rd, SAFE, throw by RF made to third
Batting: RHB Dusty Crum 0-0: Ball
1-0: SINGLE (Line Drive, 56D, EV 102.5 MPH)
Senthamilselvi Manohoran scores
Fernando Sandoval to second
Batting: RHB Dragoljub Kandic 0-0: Called Strike
0-1: Foul Ball, location: 2F
0-2: Foul Ball, location: 2F
0-2: Ball
1-2: Ball
2-2: Ball
3-2: Foul Ball, location: 2F
3-2: Foul Ball, location: 2F
3-2: SINGLE (Flyball, 89M, EV 90.0 MPH)
Fernando Sandoval to third
Dusty Crum to second
Batting: RHB John Fuller 0-0: Ball
1-0: Ball
2-0: Swinging Strike
2-1: Ball
3-1: SINGLE (Line Drive, 4MD, EV 106.9 MPH)
Fernando Sandoval scores
Dusty Crum to third
Dragoljub Kandic to second
Batting: RHB Meshach Ashpenaz 0-0: Called Strike
0-1: Swinging Strike
0-2: Foul Ball, location: 2F
0-2: Ball
1-2: Foul Ball, location: 2F
1-2: Ball
2-2: Foul Ball, location: 2F
2-2: Strikes out looking
Batting: RHB Wally Hill 0-0: Ball
1-0: Ball
2-0: Fly out, F9 (Flyball, 89D, EV 103.1 MPH)
Runner from 3rd tags up, OUT at HOME! 9-2
Top of the 3rd over - 2 runs, 5 hits, 0 errors, 2 left on base; Vermont 5 - Alaskan 1
BOTTOM OF THE 3RD
Alaskan Humpbacks batting - Pitching for Vermont Lake Monsters : RHP David Schrattenthaler
Batting: RHB Kyuso Kouno 0-0: Ball
1-0: Fly out, F8 (Line Drive, 8LD, EV 93.1 MPH)
Batting: RHB Scott Velthuizen 0-0: Called Strike
0-1: Fly out, F8 (Flyball, 8LM, EV 87.5 MPH)
Batting: LHB Teng Xuefeng 0-0: Called Strike
0-1: Swinging Strike
0-2: Strikes out swinging
Bottom of the 3rd over - 0 runs, 0 hits, 0 errors, 0 left on base; Vermont 5 - Alaskan 1
TOP OF THE 4TH
Vermont Lake Monsters batting - Pitching for Alaskan Humpbacks : RHP Ignacio Manzanedo
Batting: RHB Tim O'Brian 0-0: Foul Ball, location: 2F
0-1: Swinging Strike
0-2: Foul Ball, location: 2F
0-2: Foul Ball, location: 2F
0-2: Hit by Pitch
Pitching: LHP Masami Kogawa
Batting: RHB Frank Tatum 0-0: Foul Ball, location: 2F
0-1: Ball
Wild Pitch!
Tim O'Brian to second
1-1: Ball
2-1: Fly out, F9 (Flyball, 89S, EV 87.5 MPH)
Batting: SHB Senthamilselvi Manohoran 0-0: Called Strike
0-1: Foul Ball, location: 2F
0-2: Ball
1-2: Ball
2-2: Ball
3-2: Strikes out looking
Batting: LHB Fernando Sandoval 0-0: Called Strike
Tim O'Brian steals 3rd base
0-1: Ball
1-1: DOUBLE (Line Drive, 7LM, EV 103.8 MPH)
Tim O'Brian scores
Batting: RHB Dusty Crum 0-0: Called Strike
0-1: Called Strike
0-2: Ball
1-2: Ball
2-2: Ball
3-2: Foul Ball, location: 2F
3-2: Base on Balls
Batting: RHB Dragoljub Kandic 0-0: Ground out 5-3 (Groundball, 56, EV 78.8 MPH)
Top of the 4th over - 1 run, 1 hit, 0 errors, 2 left on base; Vermont 6 - Alaskan 1
BOTTOM OF THE 4TH
Alaskan Humpbacks batting - Pitching for Vermont Lake Monsters : RHP David Schrattenthaler
Batting: RHB Wally Briggs 0-0: Ball
1-0: Ball
2-0: DOUBLE (Line Drive, 7LD, EV 106.2 MPH)
Batting: RHB Bobby Butterfield 0-0: Called Strike
0-1: Called Strike
0-2: Foul Ball, location: 2F
0-2: Foul Ball, location: 2F
0-2: Foul Ball, location: 2F
0-2: Ball
1-2: Foul Ball, location: 2F
1-2: Foul Ball, location: 2F
1-2: Ball
2-2: Ball
3-2: Foul Ball, location: 2F
3-2: Foul Ball, location: 2F
3-2: Foul Ball, location: 2F
3-2: DOUBLE (Groundball, 5L, EV 109.4 MPH)
Wally Briggs scores
Batting: RHB Marcos Luna 0-0: Ball
1-0: Ball
2-0: Called Strike
2-1: Called Strike
2-2: Ball
3-2: Foul Ball, location: 2F
3-2: Ground out U3 (Groundball, 3, EV 81.2 MPH)
Bobby Butterfield to third
Batting: RHB António Etxebarria 0-0: Ground out 5-3 (Groundball, 5, EV 81.9 MPH)
Batting: RHB Justin Forbes 0-0: Foul Ball, location: 2F
0-1: Ball
1-1: Fly out, F9 (Flyball, 9D, EV 86.2 MPH)
Bottom of the 4th over - 1 run, 2 hits, 0 errors, 1 left on base; Vermont 6 - Alaskan 2
TOP OF THE 5TH
Vermont Lake Monsters batting - Pitching for Alaskan Humpbacks : LHP Masami Kogawa
Batting: RHB John Fuller 0-0: Called Strike
0-1: Ball
1-1: Foul Ball, location: 2F
1-2: DOUBLE (Groundball, 3L, EV 98.8 MPH)
Batting: RHB Meshach Ashpenaz 0-0: Called Strike
0-1: Called Strike
0-2: Ball
1-2: Ball
2-2: Ground out 4-3 (Groundball, 4M, EV 91.2 MPH)
John Fuller to third
Batting: RHB Wally Hill 0-0: Foul Ball, location: 2F
0-1: Ground out 4-3 (Groundball, 4, EV 108.1 MPH)
John Fuller scores
Batting: RHB Tim O'Brian 0-0: Called Strike
0-1: Ball
1-1: Fly out, F8 (Flyball, 78D, EV 101.9 MPH)
Top of the 5th over - 1 run, 1 hit, 0 errors, 0 left on base; Vermont 7 - Alaskan 2
BOTTOM OF THE 5TH
Alaskan Humpbacks batting - Pitching for Vermont Lake Monsters : RHP David Schrattenthaler
Batting: RHB Abel Risinger 0-0: Fly out, F9 (Flyball, 9S, EV 81.2 MPH)
Batting: RHB Kyuso Kouno 0-0: Ball
1-0: Ball
2-0: Ball
3-0: Swinging Strike
3-1: Ground out U3 (Groundball, 34, EV 92.5 MPH)
Batting: RHB Scott Velthuizen 0-0: Ball
1-0: SINGLE (Flyball, 8LS, EV 86.2 MPH)
Batting: LHB Teng Xuefeng 0-0: Ball
1-0: Foul Ball, location: 2F
1-1: Ground out U3 (Groundball, 34, EV 92.5 MPH)
Bottom of the 5th over - 0 runs, 1 hit, 0 errors, 1 left on base; Vermont 7 - Alaskan 2
TOP OF THE 6TH
Vermont Lake Monsters batting - Pitching for Alaskan Humpbacks : LHP Masami Kogawa
Batting: RHB Frank Tatum 0-0: Foul Ball, location: 2F
0-1: Ground out 6-3 (Groundball, 6M, EV 80.6 MPH)
Batting: SHB Senthamilselvi Manohoran 0-0: Foul Ball, location: 2F
0-1: Ball
1-1: Swinging Strike
1-2: Foul Ball, location: 2F
1-2: SINGLE (Line Drive, 6D, EV 95.0 MPH)
Batting: LHB Fernando Sandoval 0-0: Called Strike
0-1: Grounds into double play, 4-6-3 (Groundball, 34, EV 109.4 MPH)
Top of the 6th over - 0 runs, 1 hit, 0 errors, 0 left on base; Vermont 7 - Alaskan 2
BOTTOM OF THE 6TH
Alaskan Humpbacks batting - Pitching for Vermont Lake Monsters : RHP David Schrattenthaler
Batting: RHB Wally Briggs 0-0: Ball
1-0: SINGLE (Line Drive, 4D, EV 97.5 MPH)
Batting: RHB Bobby Butterfield 0-0: Ball
1-0: Ball
2-0: Foul Ball, location: 2F
2-1: Ball
3-1: Called Strike
3-2: Foul Ball, location: 2F
3-2: Fly out, F6 (Popup, 56, EV 61.2 MPH)
Batting: RHB Marcos Luna 0-0: Ball
1-0: Called Strike
Wally Briggs steals 2nd base
1-1: Ground out 6-3 (Groundball, 6, EV 79.4 MPH)
Wally Briggs to third
Batting: RHB António Etxebarria 0-0: SINGLE (Flyball, 8RS, EV 93.8 MPH)
Wally Briggs scores
Batting: RHB Justin Forbes 0-0: Fly out, F2 (Popup, 2RF, EV 94.4 MPH)
Bottom of the 6th over - 1 run, 2 hits, 0 errors, 1 left on base; Vermont 7 - Alaskan 3
TOP OF THE 7TH
Vermont Lake Monsters batting - Pitching for Alaskan Humpbacks : LHP Masami Kogawa
Batting: RHB Dusty Crum 0-0: Ball
1-0: SINGLE (Line Drive, 8LS, EV 100.6 MPH)
Batting: RHB Dragoljub Kandic 0-0: Ball
1-0: Foul Ball, location: 2F
1-1: Ball
2-1: Ball
3-1: Foul Ball, location: 2F
3-2: Foul Ball, location: 2F
3-2: Strikes out swinging
Pitching: RHP Job Janssen
Batting: RHB John Fuller 0-0: Ball
1-0: Ball
2-0: TRIPLE (Flyball, 89XD, EV 100.6 MPH)
Dusty Crum scores
Batting: RHB Meshach Ashpenaz 0-0: Ball
1-0: Ground out 4-3 (Groundball, 4S, EV 86.9 MPH)
John Fuller scores
Batting: RHB Wally Hill 0-0: Ball
1-0: Called Strike
1-1: Foul Ball, location: 2F
1-2: Foul Ball, location: 2F
1-2: Strikes out swinging
Top of the 7th over - 2 runs, 2 hits, 0 errors, 0 left on base; Vermont 9 - Alaskan 3
BOTTOM OF THE 7TH
Alaskan Humpbacks batting - Pitching for Vermont Lake Monsters : RHP David Schrattenthaler
Batting: RHB Abel Risinger 0-0: Ball
1-0: SINGLE (Groundball, 6, EV 83.1 MPH) (infield hit)
Batting: RHB Kyuso Kouno 0-0: Foul Ball, location: 2F
0-1: Ground out 5-3 (Groundball, 56S, EV 72.5 MPH)
Abel Risinger to second
Batting: RHB Scott Velthuizen 0-0: Ball
1-0: Called Strike
1-1: Swinging Strike
1-2: Foul Ball, location: 2F
1-2: Ground out 4-3 (Groundball, 4M, EV 103.1 MPH)
Abel Risinger to third
Batting: LHB Teng Xuefeng 0-0: Ball
1-0: Ground out 3-1 (Groundball, 3S, EV 87.5 MPH)
Bottom of the 7th over - 0 runs, 1 hit, 0 errors, 1 left on base; Vermont 9 - Alaskan 3
TOP OF THE 8TH
Vermont Lake Monsters batting - Pitching for Alaskan Humpbacks : RHP Job Janssen
Batting: RHB Tim O'Brian 0-0: Ball
1-0: Called Strike
1-1: Called Strike
1-2: Foul Ball, location: 2F
1-2: SINGLE (Groundball, 56S, EV 72.5 MPH) (infield hit)
Batting: RHB Frank Tatum 0-0: SINGLE (Groundball, 34D, EV 109.4 MPH)
Tim O'Brian to second
Runner from 2nd tries for 3rd, OUT! 9-5
Batting: SHB Senthamilselvi Manohoran 0-0: Called Strike
0-1: Ball
1-1: Swinging Strike
1-2: Ball
2-2: Grounds into double play, 4-6-3 (Groundball, 4, EV 87.5 MPH)
Top of the 8th over - 0 runs, 2 hits, 0 errors, 0 left on base; Vermont 9 - Alaskan 3
BOTTOM OF THE 8TH
Alaskan Humpbacks batting - Pitching for Vermont Lake Monsters : RHP David Schrattenthaler
Batting: RHB Wally Briggs 0-0: Fly out, F3 (Popup, 23F, EV 91.2 MPH)
Batting: RHB Bobby Butterfield 0-0: Called Strike
0-1: Ball
1-1: Ball
2-1: Foul Ball, location: 2F
2-2: Ball
3-2: Foul Ball, location: 2F
3-2: Ground out U3 (Groundball, 34, EV 81.9 MPH)
Batting: RHB Marcos Luna 0-0: Ball
1-0: Called Strike
1-1: Ball
2-1: Foul Ball, location: 2F
2-2: Ball
3-2: Ground out 5-3 (Groundball, 56, EV 93.8 MPH)
Bottom of the 8th over - 0 runs, 0 hits, 0 errors, 0 left on base; Vermont 9 - Alaskan 3
TOP OF THE 9TH
Vermont Lake Monsters batting - Pitching for Alaskan Humpbacks : RHP Job Janssen
Batting: LHB Fernando Sandoval 0-0: Called Strike
0-1: Ball
1-1: Ground out 3-1 (Groundball, 34S, EV 86.2 MPH)
Batting: RHB Dusty Crum 0-0: Foul Ball, location: 2F
0-1: Called Strike
0-2: Ball
1-2: Ball
2-2: DOUBLE (Flyball, 78D, EV 108.8 MPH)
Batting: RHB Dragoljub Kandic 0-0: Ball
1-0: Called Strike
1-1: Ball
2-1: Ball
3-1: Fly out, F8 (Line Drive, 8LM, EV 93.1 MPH)
Batting: RHB John Fuller 0-0: Ball
1-0: Foul Ball, location: 2F
1-1: Swinging Strike
1-2: Ball
2-2: Foul Ball, location: 2F
2-2: SINGLE (Groundball, 56D, EV 100.0 MPH)
Dusty Crum to third
Runner from 3rd tries for Home, SAFE, throw by LF to home
Batting: RHB Meshach Ashpenaz 0-0: Ball
1-0: Foul Ball, location: 2F
1-1: Ball
2-1: Single, Error in OF, E7, batter to second base (Line Drive, 78S, EV 106.2 MPH)
John Fuller to third
Batting: RHB Wally Hill 0-0: Swinging Strike
0-1: Ball
1-1: Foul Ball, location: 2F
1-2: Foul Ball, location: 2F
1-2: Foul Ball, location: 2F
1-2: Ball
2-2: Ball
3-2: DOUBLE (Line Drive, 78D, EV 110.0 MPH)
John Fuller scores
Meshach Ashpenaz scores
Pinch Hitting: LHB Ryan Ferguson 0-0: Ball
1-0: Ball
2-0: Fly out, F6 (Popup, P, EV 78.8 MPH)
Top of the 9th over - 3 runs, 4 hits, 1 error, 1 left on base; Vermont 12 - Alaskan 3
BOTTOM OF THE 9TH
Alaskan Humpbacks batting - Pitching for Vermont Lake Monsters : RHP David Schrattenthaler
Now in CF: Ryan Ferguson
Batting: RHB António Etxebarria 0-0: Ground out 6-3 (Groundball, 6, EV 95.6 MPH)
Batting: RHB Justin Forbes 0-0: Foul Ball, location: 2F
0-1: Ball
1-1: Hit by Pitch
Batting: RHB Abel Risinger 0-0: Called Strike
0-1: SINGLE (Line Drive, 34, EV 96.2 MPH)
Justin Forbes to second
Batting: RHB Kyuso Kouno 0-0: Called Strike
0-1: Ball
1-1: Ball
2-1: Called Strike
2-2: Fly out, F8 (Flyball, 8LXD, EV 87.5 MPH)
Runner from 2nd tags up, SAFE at 3rd, no throw by CF
Pitching: LHP Lawrence Swift
Batting: RHB Scott Velthuizen 0-0: Called Strike
0-1: Ball
1-1: Ground out 1-3 (Groundball, 13, EV 86.2 MPH)
Bottom of the 9th over - 0 runs, 1 hit, 0 errors, 2 left on base; Vermont 12 - Alaskan 3
Tuesday, January 5th, 2021 - OOTP Baseball 20.8 Build 74